[Event "FIDE Open World Rapid 2024"]
[Site "New York"]
[Date "2024.12.27"]
[Round "7.1"]
[White "Dardha, Daniel"]
[Black "Carlsen, Magnus"]
[Result "1/2-1/2"]
[ECO "C41"]
[WhiteElo "2639"]
[BlackElo "2831"]
[Annotator "TA"]
[PlyCount "91"]
[EventDate "2024.12.14"]
[EventType "swiss"]
[EventCountry "USA"]
[SourceTitle "playchess.com"]
[Source "ChessBase"]
[SourceQuality "1"]
[TimeControl "900+10"]

1. e4 d6 2. d4 Nf6 3. Nc3 e5 4. Nf3 Nbd7 5. g3 Be7 6. Bg2 O-O 7. O-O c6 8. a4 b6 9. Nh4 g6 10. Be3 Re8 11. f4 Ba6 12. Re1 Bf8 13. Nf3 Bg7 14. dxe5 dxe5 15. f5 Qe7 16. Bf1 Bxf1 17. Rxf1 Rad8 18. Nd2 Qb4 19. Rb1 Nc5 20. Qf3 Nxa4 21. Nxa4 (21. Na2 $1 $15 Qf8 22. b3) 21... Qxa4 $17 22. b3 {[%emt 0:01:00] [#]} Qb4 $1 23. Rf2 Qc3 24. Nf1 Qb4 25. Nd2 b5 (25... a5 $17) 26. Bg5 $1 $11 Rd6 27. c3 Qa5 28. Nf1 (28. Rbf1 $15) 28... h6 (28... gxf5 $17 29. Qxf5 Qxc3) 29. Bxf6 Bxf6 30. b4 Qc7 31. Ne3 h5 32. Rbf1 Red8 33. h4 Qe7 (33... Kh8 $15) 34. Kh1 (34. c4 $11 {remains equal.}) 34... Kh7 (34... a6 $17) 35. g4 $11 Bxh4 36. Rh2 g5 37. f6 Qe6 38. Rxh4 $1 gxh4 39. g5 Kg8 40. Nf5 $1 R6d7 $2 (40... Rd3 $11 41. Qxh5 Rh3+ (41... Rxc3 42. Qh6 Rh3+ 43. Kg1) 42. Kg1 Rdd3 (42... Rxc3 43. Qh6)) 41. Qxh5 (41. Nxh4 $2 Rd3 (41... Qg4 $2 42. Qxg4 hxg4 43. Kg2 $19) 42. Qf5 Rh3+ (42... Rxc3 43. Qxe6 fxe6 44. Ng6 $11) 43. Kg1 Rxh4 $19) 41... Qc4 {[%emt 0:00:00] [#]} 42. Kg1 $2 (42. Rf2 $1 {mates} Qxe4+ 43. Kh2 Qxf5 44. Rxf5 Rd2+ 45. Kg1 h3 46. Qxh3 (46. Rf2 Rd1+ 47. Rf1 h2+ 48. Qxh2 Rxf1+ 49. Kxf1 Rd1+ 50. Ke2 Rg1) 46... Rd1+ 47. Rf1) 42... Qxe4 $18 43. Nh6+ (43. Nxh4 Qe3+ 44. Rf2 Qg3+ (44... Qxc3 45. Nf5 $11) (44... Rd2 $2 45. Qf3 $19) 45. Ng2 Rd1+ (45... Qxc3 46. Qh6 Rd1+ 47. Kh2)) 43... Kf8 44. Nf5 Kg8 45. Nh6+ (45. Nxh4 Qe3+ 46. Kh2 Rd2+ (46... Qxc3 47. Nf5 $11) 47. Ng2 Rxg2+ (47... Qxc3 $2 48. Qh6 $19) (47... Qe2 $2 48. Qxe2 Rxe2 49. Rf3 $19) 48. Kh1 Rdd2 (48... Qxg5 $2 49. Qxg5+ Rxg5 50. Kh2 $19) 49. Ra1 Rg1+ (49... Qxc3 {gets mated.} 50. Rb1 Qc2 51. Re1 Rh2+ 52. Kg1 Rdg2+ 53. Kf1 Qf2#) (49... Rh2+ $2 50. Qxh2 Qf3+ 51. Kg1 $19) (49... Rg3 50. Qxf7+ Kxf7 51. Rxa7+ Qxa7 52. g6+ Kxg6 53. f7 Rh3#) 50. Rxg1 Qe4+ (50... Qxc3 51. g6)) ({White should try} 45. g6 $16 {Intending Qh7+ and mate.} fxg6 46. Qxg6+ Kf8 47. f7 Rxf7 48. Qh5) 45... Kf8 $11 46. Nf5 1/2-1/2

[Event "FIDE Open World Rapid 2024"]
[Site "New York"]
[Date "2024.12.27"]
[Round "7.1"]
[White "Meier, Georg"]
[Black "Grebnev, Aleksey"]
[Result "1/2-1/2"]
[ECO "E06"]
[WhiteElo "2599"]
[BlackElo "2555"]
[Annotator "ChessBase"]
[PlyCount "146"]
[EventDate "2024.12.14"]
[EventType "swiss"]
[EventCountry "USA"]
[SourceTitle "playchess.com"]
[Source "ChessBase"]
[SourceQuality "1"]
[TimeControl "900+10"]

1. Nf3 d5 2. g3 Nf6 3. Bg2 e6 4. c4 Be7 5. d4 O-O 6. Nc3 Nbd7 7. Qd3 a6 8. Bf4 c5 9. cxd5 exd5 10. Qd1 b5 11. dxc5 Bxc5 12. Nxd5 Bb7 13. Nxf6+ Nxf6 14. Qxd8 Raxd8 15. O-O Nd5 16. Bg5 f6 17. Rac1 Bb6 18. Bd2 Rfe8 19. e3 Ne7 20. Bb4 Nd5 21. Bc5 Bxc5 22. Rxc5 Nb4 23. a3 Nd3 24. Rc2 Rc8 25. Rd2 Nc5 26. Rfd1 Na4 27. Nd4 Bxg2 28. Kxg2 g6 29. h4 Kf7 30. Kf3 Nb6 31. Ke2 Na4 32. Ke1 Nb6 33. b3 Ke7 34. Ne2 Rc6 35. Rd3 Rec8 36. R1d2 R8c7 37. g4 Nd7 38. Nf4 Nb6 39. Ke2 Rc2 40. g5 fxg5 41. hxg5 R7c5 42. Nh3 a5 43. f4 a4 44. Nf2 R5c3 45. bxa4 Nc4 46. Rxc2 Rxc2+ 47. Kf3 bxa4 48. Ne4 Ra2 49. Rd4 Rc2 50. Nf6 h5 51. Nd5+ Ke6 52. e4 Nd2+ 53. Ke3 Nf1+ 54. Kd3 Rd2+ 55. Kc3 Rf2 56. Rxa4 h4 57. Ra6+ Kf7 58. Ra7+ Ke6 59. Re7+ Kd6 60. Rh7 Ng3 61. Rh6 h3 62. Rxh3 Nxe4+ 63. Kd4 Nc5 64. Nc3 Rxf4+ 65. Ke3 Rg4 66. Rh6 Rg3+ 67. Kd2 Rxg5 68. Rh4 Rg2+ 69. Ke3 g5 70. Rd4+ Ke6 71. Rc4 Rg3+ 72. Kd2 Rg2+ 73. Ke3 Ke5 1/2-1/2

[Event "FIDE Open World Rapid 2024"]
[Site "New York"]
[Date "2024.12.27"]
[Round "7.2"]
[White "Naroditsky, Daniel"]
[Black "Abdusattorov, Nodirbek"]
[Result "1-0"]
[ECO "B13"]
[WhiteElo "2619"]
[BlackElo "2777"]
[Annotator "TA"]
[PlyCount "100"]
[EventDate "2024.12.14"]
[EventType "swiss"]
[EventCountry "USA"]
[SourceTitle "playchess.com"]
[Source "ChessBase"]
[SourceQuality "1"]
[TimeControl "900+10"]

1. e4 c6 2. Nf3 d5 3. exd5 cxd5 4. d4 Nf6 5. Ne5 Nc6 6. Bb5 Bd7 7. Nxd7 Qxd7 8. c3 e6 9. O-O Bd6 10. Nd2 O-O 11. Re1 Qc7 12. g3 Rfe8 13. Nf3 Ne4 14. Ng5 f5 15. Qh5 g6 16. Qh6 a6 17. Bf1 e5 18. Nxe4 dxe4 19. Bg5 Qf7 20. b3 exd4 21. Bc4 Re6 22. Bf4 Bf8 23. Qh3 Rae8 24. g4 d3 25. gxf5 Qxf5 26. Qxf5 gxf5 27. Rad1 Kf7 28. f3 Bc5+ (28... Kf6 $5 29. Bxe6 Rxe6 $14) 29. Be3 (29. Kf1 Kf6 $16 (29... Rg8 30. Be3 $16)) 29... Bxe3+ (29... Bd6 $5) 30. Rxe3 Kf6 (30... Rg8+ $6 31. Kf1 Ne5 32. Bxe6+ Kxe6 33. fxe4 $16) 31. Bxe6 Rxe6 32. Rde1 b5 (32... d2 $6 33. Rd1 $16 (33. fxe4 $2 dxe1=N 34. Rxe1 fxe4 $19)) 33. Kg2 (33. fxe4 fxe4 34. Kf2 (34. Rxe4 Rxe4 35. Rxe4 d2 $17) 34... Kf5 $15) (33. Kf1 $14 Ne5 (33... d2 $2 34. Rd1 $18) 34. fxe4) 33... b4 $11 (33... d2 $2 34. Rd1 $18) 34. c4 (34. fxe4 fxe4 35. c4 (35. Rxe4 $2 Rxe4 36. Rf1+ Ke5 $19) 35... Kf5 $15) 34... f4 $2 (34... d2 $2 35. Rd1 $18) (34... Nd4 $11 35. fxe4 Nc2 36. e5+ Kf7) 35. Rxe4 $18 Rxe4 36. fxe4 (36. Rxe4 $2 d2 37. Rxf4+ Ke5 38. Re4+ Kd6 $19 (38... Kf5 $2 39. Rh4 $19)) 36... Ke5 37. Kf3 $2 (37. c5 $1 $18) 37... Nd4+ $11 38. Kf2 Nc2 $2 (38... Ne6 $1 $11 {and Black has nothing to worry.}) 39. Rd1 Kxe4 40. c5 Ne3 {[%emt 0:00:02] [#]} 41. Rg1 $1 (41. Rd2 Ng4+ 42. Kf1 Ne5 $11) 41... Kd5 42. Ke1 $2 ({White must play} 42. Rg7 $16 {And now Rd7+ would win.} Kxc5 43. Rd7) 42... f3 $2 {[%emt 0:00:09][%mdl 8192] [#]} (42... Kxc5 $11 43. Rg7 h5) 43. Kf2 $1 $18 Kd4 44. c6 Nd5 45. Rg4+ Kc3 46. Rc4+ (46. Kxf3 d2 47. Ke2 Kc2 $11) 46... Kb2 47. Rd4 Nc7 48. Rxd3 (48. Rxb4 d2 49. Rd4 (49. Kxf3 $2 {is the wrong capture.} d1=Q+ 50. Kf4 Qd6+ 51. Kf5 Qxb4 $19) 49... Kc2 50. Kxf3 (50. Rc4+ $2 Kd3 $19) 50... d1=Q+ (50... d1=B+ $2 51. Ke3 $18) 51. Rxd1 Kxd1 $17) 48... Kxa2 49. Rd7 Nb5 50. Rb7 Kxb3 1-0

[Event "FIDE Open World Rapid 2024"]
[Site "New York"]
[Date "2024.12.27"]
[Round "7.2"]
[White "Safarli, Eltaj"]
[Black "Le, Tuan Minh"]
[Result "0-1"]
[ECO "C65"]
[WhiteElo "2610"]
[BlackElo "2598"]
[Annotator "ChessBase"]
[PlyCount "97"]
[EventDate "2024.12.14"]
[EventType "swiss"]
[EventCountry "USA"]
[SourceTitle "playchess.com"]
[Source "ChessBase"]
[SourceQuality "1"]
[TimeControl "900+10"]

1. e4 e5 2. Nf3 Nc6 3. Bb5 Bc5 4. c3 Nf6 5. Qe2 d6 6. O-O O-O 7. Rd1 Bb6 8. d3 h6 9. h3 Bd7 10. Nbd2 Re8 11. Nc4 Ne7 12. Bxd7 Qxd7 13. a4 c6 14. Nh4 Qe6 15. Nxb6 axb6 16. Be3 Nd7 17. b4 d5 18. Qf3 Ra6 19. b5 Ra5 20. bxc6 bxc6 21. Rdb1 Ra6 22. Nf5 Nxf5 23. exf5 Qf6 24. c4 d4 25. Bd2 Rea8 26. a5 bxa5 27. Bc1 Rb6 28. Rxb6 Nxb6 29. Ba3 Nd7 30. Rb1 Rb8 31. Rxb8+ Nxb8 32. g4 Na6 33. Qe4 Nb4 34. Kg2 Kh7 35. Kg3 Na2 36. Qe1 Nc3 37. f3 Qg5 38. Kg2 Qf6 39. h4 h5 40. Bc1 hxg4 41. fxg4 c5 42. Kg3 Qd6 43. h5 f6 44. Bd2 a4 45. h6 gxh6 46. Kg2 Qc6+ 47. Kg3 e4 48. Qh1 Qd6+ 49. Kh3 0-1

[Event "FIDE Open World Rapid 2024"]
[Site "New York"]
[Date "2024.12.27"]
[Round "7.3"]
[White "Dominguez Perez, Leinier"]
[Black "Giri, Anish"]
[Result "1/2-1/2"]
[ECO "B92"]
[WhiteElo "2741"]
[BlackElo "2733"]
[Annotator "TA"]
[PlyCount "88"]
[EventDate "2024.12.14"]
[EventType "swiss"]
[EventCountry "USA"]
[SourceTitle "playchess.com"]
[Source "ChessBase"]
[SourceQuality "1"]
[TimeControl "900+10"]

1. e4 c5 2. Nf3 d6 3. d4 cxd4 4. Nxd4 Nf6 5. Nc3 a6 6. Be2 e5 7. Nb3 Be7 8. Be3 Be6 9. f4 exf4 10. Bxf4 Nc6 11. Qd2 d5 12. exd5 Nxd5 13. Nxd5 Qxd5 14. O-O-O Qxd2+ (14... Qe4 {looks sharper.} 15. Bf3 Qc4 16. Rhe1 Rd8) 15. Rxd2 O-O 16. Rhd1 Rac8 17. Bf3 b5 18. Kb1 Rfe8 19. Bxc6 Rxc6 20. Nd4 Rb6 21. Bc7 Rb7 22. Nxe6 fxe6 23. Rd7 e5 24. c3 {[%emt 0:01:02] The position is equal.} e4 {[%emt 0:00:57] [#] ...e3 is the strong threat.} 25. Kc2 Bg5 {[%emt 0:02:25] Prevents Bf4} 26. Bg3 Rxd7 27. Rxd7 Rd8 28. Rxd8+ Bxd8 $11 {[%emt 0:00:02][%mdl 4096] Endgame. [#] KB-KB} 29. c4 $1 bxc4 30. Kc3 Bf6+ 31. Kxc4 Bxb2 32. Bf4 Kf7 {[%emt 0:00:20] ...Ke6 would now be deadly.} 33. Kd5 h5 34. h3 Ba3 35. Be3 g6 36. g4 hxg4 37. hxg4 Ke7 38. Kxe4 Ke6 39. Bf4 Bc5 40. a4 Bb6 41. Bg3 Bc5 42. Bf4 Bb6 43. Bg3 Bc5 44. Bf4 Bb6 {A rather calm draw.   Weighted Error Value: White=0.02 (flawless) /Black=0.03 (flawless) .  OK:         	White=12    	Black=14     Best:        	White=2     	---} 1/2-1/2

[Event "FIDE Open World Rapid 2024"]
[Site "New York"]
[Date "2024.12.27"]
[Round "7.3"]
[White "Martirosyan, Haik M."]
[Black "Zarnicki, Pablo"]
[Result "1/2-1/2"]
[ECO "C42"]
[WhiteElo "2656"]
[BlackElo "2514"]
[Annotator "ChessBase"]
[PlyCount "183"]
[EventDate "2024.12.14"]
[EventType "swiss"]
[EventCountry "USA"]
[SourceTitle "playchess.com"]
[Source "ChessBase"]
[SourceQuality "1"]
[TimeControl "900+10"]

1. e4 e5 2. Nf3 Nf6 3. Nxe5 d6 4. Nf3 Nxe4 5. Bd3 Nf6 6. O-O Be7 7. c3 O-O 8. Bc2 Bg4 9. d4 Nbd7 10. Nbd2 Re8 11. Re1 d5 12. Nf1 Bd6 13. Rxe8+ Qxe8 14. Ne3 Bh5 15. Nf5 Bxf3 16. gxf3 Qe6 17. Be3 Re8 18. Qd2 Nh5 19. Kh1 g6 20. Rg1 Kh8 21. Nxd6 Qxd6 22. Bd1 f5 23. Bh6 Ndf6 24. Re1 Re6 25. Re3 Ng8 26. Bf8 Qd7 27. Qe1 Nf4 28. Bc2 Qf7 29. Bc5 b6 30. Ba3 Nf6 31. b3 N6h5 32. Bc1 Qf6 33. a4 Qg5 34. Qf1 Qh4 35. Bd2 Rxe3 36. Bxe3 c6 37. Bd2 Qh3 38. Qxh3 Nxh3 39. Kg2 N3f4+ 40. Kf1 Kg7 41. c4 Kf7 42. c5 b5 43. Bc3 bxa4 44. bxa4 Ke6 45. Ke1 Kd7 46. Kd2 Ne6 47. Ke3 Nhf4 48. Bd1 Ng2+ 49. Kd3 Ngf4+ 50. Kd2 h5 51. Bc2 h4 52. Bd1 Nh3 53. Ke3 Nhf4 54. a5 Ng2+ 55. Kd2 Ngf4 56. Ke3 Ng2+ 57. Kd3 Ngf4+ 58. Kd2 Nh3 59. Ke1 Nhf4 60. Kf1 Nc7 61. Ba4 a6 62. Ke1 Nb5 63. Kd2 Ne6 64. Kd3 Nf4+ 65. Kd2 Nh3 66. Bb2 Nxf2 67. Ke3 Nh3 68. f4 Ke6 69. Bd1 g5 70. fxg5 Nxg5 71. Bh5 Kd7 72. Bg6 Ke6 73. Be8 Na7 74. Bc1 Ke7 75. Bh5 Kf6 76. Kd3 Ne6 77. Be3 f4 78. Bf2 Kg5 79. Be2 Nb5 80. h3 f3 81. Bxf3 Nf4+ 82. Ke3 Nxh3 83. Be1 Nf4 84. Bxh4+ Kxh4 85. Kxf4 Nxd4 86. Bxd5 cxd5 87. Ke5 Nc6+ 88. Kxd5 Nxa5 89. c6 Nxc6 90. Kxc6 a5 91. Kb5 a4 92. Kxa4 1/2-1/2

[Event "FIDE Open World Rapid 2024"]
[Site "New York"]
[Date "2024.12.27"]
[Round "7.4"]
[White "Erigaisi Arjun"]
[Black "Murzin, Volodar"]
[Result "1/2-1/2"]
[ECO "D35"]
[WhiteElo "2801"]
[BlackElo "2664"]
[Annotator "TA"]
[PlyCount "138"]
[EventDate "2024.12.14"]
[EventType "swiss"]
[EventCountry "USA"]
[SourceTitle "playchess.com"]
[Source "ChessBase"]
[SourceQuality "1"]
[TimeControl "900+10"]

1. d4 d5 2. c4 c6 3. Nf3 Nf6 4. Nc3 e6 5. cxd5 exd5 6. Bf4 Bf5 7. e3 Nbd7 8. h3 h6 9. a3 Be7 10. g4 Bh7 11. Bd3 Ne4 12. Qc2 Ndf6 13. Ne5 Rc8 14. f3 Nxc3 15. bxc3 Bxd3 16. Nxd3 Nd7 17. O-O O-O 18. Qb3 Qb6 19. Rfb1 Qxb3 20. Rxb3 b6 21. a4 c5 22. Ne1 a6 23. Kf1 cxd4 24. cxd4 Rc4 25. Nd3 Rfc8 26. Bg3 g5 27. Be1 f6 28. a5 b5 29. Bb4 Bd8 30. Bc5 Kf7 31. Ke1 Nxc5 32. Nxc5 Rc6 33. Kd1 Be7 34. Nd3 Rc2 35. Rc1 {[%emt 0:01:05] [#]} Rxc1+ $1 36. Nxc1 Rc4 37. Ne2 (37. Nd3 $11 {remains equal.}) 37... Bb4 ({Black should try} 37... Bd6 $17 38. Rb1 Ra4) 38. Ng3 $2 ({White should play} 38. Nc1 $1 $15) 38... Bxa5 $19 39. Nf5 Bb4 40. e4 {[%emt 0:00:23] [#]} dxe4 $1 41. fxe4 a5 42. Re3 Bf8 (42... Ke6 $19 {White must now prevent ...a4.} 43. e5 Rc3 (43... a4 $2 44. exf6+ Kxf6 45. Re5 $17)) 43. e5 (43. Re2 $17) 43... fxe5 $19 44. Rxe5 Rb4 45. d5 a4 46. d6 a3 47. Kc2 a2 (47... Rb2+ $19 48. Kc1 Rh2) 48. Re1 $15 Rb1 (48... Ra4 {is interesting.} 49. d7 Ra8 50. Kb2 b4) 49. Rxb1 axb1=Q+ 50. Kxb1 Ke6 51. Kc2 Bxd6 52. Nxh6 Be7 53. Nf5 Bf6 54. Kb3 Kd5 55. Kb4 Kc6 56. Ng3 Be7+ 57. Kb3 Kc5 58. Ne4+ Kd5 59. Nc3+ Kc6 60. Ne4 Kd5 61. Nc3+ Kc5 62. Ne4+ Kc6 63. Nc3 Bf6 64. Ne4 Bd8 65. Kb4 Be7+ 66. Kb3 Kd5 67. Nc3+ Kc5 68. Ne4+ Kd4 69. Nxg5 Bxg5 1/2-1/2

[Event "FIDE Open World Rapid 2024"]
[Site "New York"]
[Date "2024.12.27"]
[Round "7.4"]
[White "Volokitin, Andrei"]
[Black "Samadov, Read"]
[Result "1-0"]
[ECO "B48"]
[WhiteElo "2649"]
[BlackElo "2501"]
[Annotator "ChessBase"]
[PlyCount "59"]
[EventDate "2024.12.14"]
[EventType "swiss"]
[EventCountry "USA"]
[SourceTitle "playchess.com"]
[Source "ChessBase"]
[SourceQuality "1"]
[TimeControl "900+10"]

1. e4 c5 2. Nf3 e6 3. d4 cxd4 4. Nxd4 Nc6 5. Nc3 Qc7 6. Be3 a6 7. a3 b5 8. Nxc6 Qxc6 9. h4 Nf6 10. e5 Ne4 11. Nxe4 Qxe4 12. Qd4 Bb7 13. O-O-O Qxd4 14. Bxd4 h5 15. Bc3 Bc5 16. Rd2 Rc8 17. Rh3 Rg8 18. Bb4 Ke7 19. Rhd3 Bd5 20. f4 f6 21. Be2 fxe5 22. fxe5 Rc7 23. Bxh5 Rh8 24. Bf3 Bxb4 25. axb4 Bxf3 26. Rxf3 Rxh4 27. Rdf2 Rcc4 28. Rf8 Rh1+ 29. Kd2 Rd4+ 30. Ke3 1-0

[Event "FIDE Open World Rapid 2024"]
[Site "New York"]
[Date "2024.12.27"]
[Round "7.5"]
[White "Firouzja, Alireza"]
[Black "Sargsyan, Shant"]
[Result "1/2-1/2"]
[ECO "C24"]
[WhiteElo "2763"]
[BlackElo "2646"]
[Annotator "TA"]
[PlyCount "130"]
[EventDate "2024.12.14"]
[EventType "swiss"]
[EventCountry "USA"]
[SourceTitle "playchess.com"]
[Source "ChessBase"]
[SourceQuality "1"]
[TimeControl "900+10"]

1. e4 e5 2. Nf3 Nc6 3. Bc4 Nf6 4. d3 Bc5 5. O-O O-O 6. h3 d5 7. exd5 Nxd5 8. Nbd2 a5 9. a4 f6 10. d4 exd4 11. Nb3 Bb6 12. Nbxd4 Nxd4 13. Nxd4 Kh8 14. c3 Bxd4 15. Qxd4 Nb6 16. Qxd8 Rxd8 17. Bb3 Nd5 18. Re1 Bf5 19. g4 Bg6 20. f4 Bf7 21. f5 Kg8 22. Kf2 Rd7 23. Bc2 Rad8 24. Kg3 h6 25. h4 b6 26. Re2 Re8 27. Rxe8+ Bxe8 28. g5 hxg5 29. hxg5 fxg5 30. Bxg5 Nf6 31. Re1 Bf7 32. Kh4 Kf8 33. Bf4 Nh5 34. Be5 Re7 35. Kg5 Nf6 36. Bg3 Rxe1 37. Bxe1 Ke7 38. Bg3 Kd7 39. Be5 Nh7+ 40. Kf4 Nf6 41. Bd3 c6 42. Bd4 c5 43. Be5 Ke7 44. Bb5 Kd8 45. c4 Kc8 46. b3 Kd8 47. Bc6 Be8 $2 (47... Kc8 $16) 48. Bxe8 $18 Kxe8 49. Bc7 Nd7 {[%emt 0:00:01] [#]} 50. Ke4 $1 Nf6+ 51. Ke5 Ke7 {[%emt 0:00:10] [#]} 52. Kf4 $1 (52. Bxb6 $2 {too greedy.} Nd7+ 53. Kd5 Nxb6+ $19) 52... Nd7 53. Kg5 $2 (53. Ke4 $18 {Hoping for Kd5.} Nf6+ 54. Ke5) 53... Kf7 $14 54. Bh2 Nf6 55. Be5 Ne4+ 56. Kf4 Nd2 57. Bc7 Nxb3 58. Bxb6 Nd2 $1 59. Bxa5 Nxc4 60. Bc7 Ke7 61. Ke4 Kd7 62. Be5 Kc6 63. Bxg7 Nd6+ 64. Kf4 (64. Ke5 $5 c4 65. Kf4 $18) 64... Nxf5 65. Kxf5 c4 1/2-1/2

[Event "FIDE Open World Rapid 2024"]
[Site "New York"]
[Date "2024.12.27"]
[Round "7.5"]
[White "Rakhmanov, Aleksandr"]
[Black "Amartuvshin, Ganzorig"]
[Result "1-0"]
[ECO "A19"]
[WhiteElo "2585"]
[BlackElo "2392"]
[Annotator "ChessBase"]
[PlyCount "75"]
[EventDate "2024.12.14"]
[EventType "swiss"]
[EventCountry "USA"]
[SourceTitle "playchess.com"]
[Source "ChessBase"]
[SourceQuality "1"]
[TimeControl "900+10"]

1. c4 Nf6 2. Nc3 e6 3. e4 c5 4. e5 Ng8 5. d4 cxd4 6. Qxd4 Nc6 7. Qe4 d6 8. Nf3 dxe5 9. Nxe5 Qd4 10. Nxc6 Qxe4+ 11. Nxe4 bxc6 12. Bf4 f6 13. O-O-O e5 14. Be3 Bf5 15. Bd3 O-O-O 16. f3 Kb7 17. Bc2 Re8 18. Nxf6 Nxf6 19. Bxf5 Bb4 20. Bg5 Re7 21. Kc2 Bc5 22. Rhe1 h6 23. Bxf6 gxf6 24. b4 Bb6 25. Rd6 Bf2 26. Re2 Bg1 27. g3 Rf8 28. c5 a5 29. Rd1 axb4 30. Rxg1 Ra8 31. Kb1 Ra3 32. Be4 Rd7 33. g4 Rd4 34. Rc1 Kc7 35. h4 Kd7 36. Rcc2 Rd1+ 37. Kb2 Rh1 38. h5 1-0

[Event "FIDE Open World Rapid 2024"]
[Site "New York"]
[Date "2024.12.27"]
[Round "7.6"]
[White "Aravindh, Chithambaram VR."]
[Black "Hardaway, Brewington"]
[Result "1-0"]
[ECO "D02"]
[WhiteElo "2718"]
[BlackElo "2499"]
[Annotator "ChessBase"]
[PlyCount "51"]
[EventDate "2024.12.14"]
[EventType "swiss"]
[EventCountry "USA"]
[SourceTitle "playchess.com"]
[Source "ChessBase"]
[SourceQuality "1"]
[TimeControl "900+10"]

1. d4 d5 2. Nf3 Nf6 3. Bf4 c5 4. e3 Nc6 5. Nbd2 cxd4 6. exd4 Bf5 7. Bb5 e6 8. Ne5 Qb6 9. c4 dxc4 10. a4 Bb4 11. O-O Bxd2 12. Qxd2 O-O 13. Bxc6 bxc6 14. Nxc4 Qa6 15. Rfc1 Rfd8 16. b4 Nd5 17. Na5 Rac8 18. Rc4 Qb6 19. Rac1 Ne7 20. Rc5 Rd5 21. b5 e5 22. Nxc6 Nxc6 23. Rxd5 Nxd4 24. Rxc8+ Bxc8 25. Bxe5 Ne6 26. a5 1-0

[Event "FIDE Open World Rapid 2024"]
[Site "New York"]
[Date "2024.12.27"]
[Round "7.6"]
[White "Shankland, Sam"]
[Black "Caruana, Fabiano"]
[Result "1/2-1/2"]
[ECO "A05"]
[WhiteElo "2672"]
[BlackElo "2805"]
[Annotator "TA"]
[PlyCount "118"]
[EventDate "2024.12.14"]
[EventType "swiss"]
[EventCountry "USA"]
[SourceTitle "playchess.com"]
[Source "ChessBase"]
[SourceQuality "1"]
[TimeControl "900+10"]

1. Nf3 Nf6 2. g3 b5 3. d3 Bb7 4. e4 e6 5. Bg2 c5 6. O-O Be7 7. e5 Nd5 8. c4 Nb6 9. Qe2 O-O 10. Nc3 bxc4 11. dxc4 Nc6 12. Rd1 f6 13. exf6 Bxf6 14. Be3 Bxc3 15. bxc3 Qe7 16. Ng5 Na5 17. Bxb7 Nxb7 18. Qd3 Rf5 19. h4 (19. Ne4 $16) 19... Na5 $11 20. g4 Rxg5 $1 21. Bxg5 Qf7 22. Qe2 Naxc4 23. Rd3 Rf8 24. h5 h6 25. Bh4 d5 26. Kg2 e5 27. Rf3 Qxf3+ 28. Qxf3 Rxf3 29. Kxf3 Kf7 30. Ke2 Ke6 (30... Na4 $11) 31. Rg1 ({Better is} 31. Rb1 $16) 31... d4 32. cxd4 exd4 33. g5 Kf5 $2 (33... Nb2 $1 $14) 34. gxh6 $18 gxh6 35. Be7 $1 Na4 36. Bf8 $1 Nc3+ {[%emt 0:00:42] [#]} 37. Kd3 (37. Ke1 $1 $18 {and the rest is easy.}) 37... Ne5+ $16 38. Kc2 Ne2 {[%emt 0:00:10] [#]} 39. Re1 (39. Rh1 $1 $16 d3+ 40. Kb2) 39... d3+ $11 40. Kd2 Nf3+ 41. Kxd3 Nf4+ (41... Nxe1+ $2 {loses.} 42. Kxe2 Ng2 43. Bxh6 $18 (43. Bxc5 Nf4+ 44. Ke3 a6 $16)) 42. Kc4 Nxe1 43. Bxh6 Ne6 (43... Nxh5 {simplifies} 44. Kxc5 Ke4 45. Kb5 Nf6) 44. Be3 Nf3 45. h6 Kg6 46. Bxc5 a6 (46... Kxh6 47. Bxa7 Kg6 48. Bb6 $17) 47. Be3 Nh2 48. Kb4 Ng4 49. Ka5 Nxe3 (49... Nxh6 50. Bxh6 Kxh6 51. Kxa6) 50. fxe3 Nc5 51. Kb6 Nd3 52. a4 Kxh6 53. Kxa6 Nc5+ 54. Kb5 Nxa4 55. Kxa4 Kg5 56. Kb4 Kf5 57. Kc3 Ke4 58. Kd2 Ke5 59. e4 Kxe4 1/2-1/2

[Event "FIDE Open World Rapid 2024"]
[Site "New York"]
[Date "2024.12.27"]
[Round "7.7"]
[White "Nakamura, Hikaru"]
[Black "Sevian, Samuel"]
[Result "1/2-1/2"]
[ECO "C00"]
[WhiteElo "2802"]
[BlackElo "2696"]
[Annotator "TA"]
[PlyCount "60"]
[EventDate "2024.12.14"]
[EventType "swiss"]
[EventCountry "USA"]
[SourceTitle "playchess.com"]
[Source "ChessBase"]
[SourceQuality "1"]
[TimeControl "900+10"]

1. e4 e6 2. d3 d5 3. Qe2 Nf6 4. Nf3 c5 5. g3 Nc6 6. Bg2 Be7 7. O-O b5 8. Re1 O-O 9. Nbd2 a5 10. e5 Nd7 11. Nf1 b4 12. h4 {[%emt 0:00:12] Black is slightly better.} a4 13. a3 bxa3 14. bxa3 (14. Rxa3 $11 {was preferrable.} c4 15. Bg5) 14... Ba6 15. Bg5 Rb8 16. Qd2 Re8 17. Bxe7 Qxe7 ({Much worse is} 17... Rxe7 18. Qf4 $11) 18. Qf4 c4 19. dxc4 Bxc4 20. Ne3 Na5 21. Nd4 ({Better is} 21. h5 $14) 21... Rb6 22. Red1 Rc8 23. Bh3 Re8 (23... h6 $17) 24. Re1 (24. Bg2 $1 $11) 24... Qc5 25. h5 h6 $1 26. Ng4 (26. g4 $11 {keeps the balance.}) 26... Qe7 (26... Nc6 $17 27. Nxc6 Rxc6) 27. Nf3 (27. Ne3 $15 {is superior.}) 27... Nc6 (27... Ba6 $17 28. Nfh2 Nc4 29. Nxh6+ gxh6) 28. Nd2 $15 Na5 (28... Ba6 $15) 29. Nf3 $1 $17 Nc6 (29... Ba6 $17 30. Nxh6+ gxh6 31. Qxh6 Qf8) 30. Nd2 $1 $11 Na5 {[%emt 0:00:09] Weighted Error Value: White=0.28 (precise) /Black=0.35.  Mistake:       	White=5     	Black=5      Inaccurate:     	White=3     	Black=5      OK:         	White=6     	Black=1      Strong:       	White=2     	Black=1} 1/2-1/2

[Event "FIDE Open World Rapid 2024"]
[Site "New York"]
[Date "2024.12.27"]
[Round "7.7"]
[White "Bai, Adelard"]
[Black "Oparin, Grigoriy"]
[Result "1/2-1/2"]
[ECO "D00"]
[WhiteElo "2393"]
[BlackElo "2653"]
[Annotator "ChessBase"]
[PlyCount "95"]
[EventDate "2024.12.14"]
[EventType "swiss"]
[EventCountry "USA"]
[SourceTitle "playchess.com"]
[Source "ChessBase"]
[SourceQuality "1"]
[TimeControl "900+10"]

1. d4 Nf6 2. Nc3 d5 3. Bf4 e6 4. Nb5 Bb4+ 5. c3 Ba5 6. e3 O-O 7. Nf3 Nh5 8. Bd3 Nxf4 9. exf4 Nd7 10. h4 a6 11. Na3 c5 12. dxc5 Bc7 13. g3 Nxc5 14. O-O h6 15. Re1 b5 16. Nc2 Bb7 17. Ncd4 Qd6 18. Qe2 Rae8 19. Rad1 Qb6 20. a3 Bd6 21. Bb1 Qc7 22. Qc2 Ne4 23. Nd2 Bc5 24. Qd3 Re7 25. N2f3 f6 26. Nd2 Qb6 27. f3 e5 28. fxe4 exd4 29. exd5 dxc3+ 30. Kh2 f5 31. bxc3 Bxa3 32. Nf3 Bc8 33. Nd4 Bc5 34. Nc6 Rxe1 35. Rxe1 Bd6 36. Kg2 Qc5 37. Re2 Bb7 38. Kh2 h5 39. Nd8 Bxd5 40. Ne6 Bxe6 41. Rxe6 Qf2+ 42. Kh3 Qg1 43. Re2 Kh8 44. Qxd6 Qh1+ 45. Rh2 Qf1+ 46. Rg2 Qh1+ 47. Rh2 Qf1+ 48. Rg2 1/2-1/2